 Dungeon Crawl Stone Soup version bcrawl-1.19.1 (webtiles) character file.

Game seed: 1227746964781056956

210 JackS81 the Cutter (level 5, -4/31 HPs)
             Began as a Vine Stalker Berserker on Nov 20, 2019.
             Was a Believer of Trog.
             Killed from afar by an orc wizard (8 damage)
             ... with a magic dart
             ... on level 3 of the Dungeon.
             The game lasted 00:08:56 (1734 turns).

JackS81 the Cutter (Vine Stalker Berserker)         Turns: 1734, Time: 00:08:56

Health: -4/31      AC:  2    Str: 20    XL:     5   Next: 88%
Magic:  6/6        EV: 12    Int:  7    God:    Trog [**....]
Gold:   146        SH:  0    Dex: 14    Spells: 4/4 levels left

rFire    . . .     SeeInvis .   o - +1 dagger (speed)
rCold    + . .     Gourm    .   (no shield)
rNeg     . . .     Faith    .   b - +0 animal skin
rPois    .         Spirit   .   (no helmet)
rElec    .         Reflect  .   (no cloak)
rCorr    .         Harm     .   (no gloves)
MR       .....                  (no boots)
Stlth    ++........             (no amulet)
HPRegen  0.50/turn              d - ring of protection from cold
MPRegen  0.10/turn              (no ring)

@: berserk cooldown, slowed, very slow
A: fangs 2, regeneration 1, no potion heal 3, rot immunity, strong jaws
a: Berserk, Trog's Hand, Renounce Religion


You were on level 3 of the Dungeon.
You worshipped Trog.
Trog was pleased with you.
You were hungry.

You visited 1 branch of the dungeon, and saw 3 of its levels.

You collected 146 gold pieces.

Inventory:

Hand Weapons
 a - a +0 short sword
 g - a +1 dagger of draining
 h - a +1 short sword of speed
 o - a +1 dagger of speed (weapon)
Missiles
 k - 94 arrows
 n - 75 poisoned needles
Armour
 b - a +0 animal skin (worn)
Jewellery
 d - a ring of protection from cold (left hand)
Scrolls
 f - 3 scrolls of teleportation {unknown}
 j - a scroll of enchant armour {unknown}
 l - 6 scrolls of identify {unknown}
 m - 2 scrolls of enchant weapon {unknown}
 p - a scroll of remove curse
 q - a scroll of immolation {unknown}
Potions
 e - 2 potions of curing {unknown}
 i - 3 potions of lignification {unknown}
 r - a potion of flight {unknown}
 s - a potion of brilliance {unknown}
Comestibles
 c - 2 rations {!d}


   Skills:
 - Level 2.6 Fighting
 * Level 5.3 Short Blades
 - Level 1.5 Armour
 - Level 2.0 Dodging
 * Level 3.2 Stealth


You had 4 spell levels left.
You didn't know any spells.
Your spell library was empty.

Dungeon Overview and Level Annotations

Branches:
Dungeon (3/12)

Altars:
Dithmenos
Elyvilon


Innate Abilities, Weirdness & Mutations

You have extremely sharp teeth.
Your natural rate of healing is unusually fast.
Potions cannot restore your health.
You are immune to rotting.
Your bites deal extra damage.


Message History

The orc hits you with a +0 club.
You barely miss the orc wizard.
The orc wizard is moderately wounded.
The orc wizard points at you and mumbles some strange words.
The puff of frost hits you! You resist.
You hit the orc wizard.
The orc wizard is heavily wounded.
The orc wizard hits you with a +0 dagger.
* * * LOW HITPOINT WARNING * * *
The orc hits you with a +0 club.
* * * LOW HITPOINT WARNING * * *
You hit the orc wizard but do no damage.
The orc wizard is heavily wounded.
The orc wizard hits you with a +0 dagger.
* * * LOW HITPOINT WARNING * * *
You miss the orc wizard.
The orc wizard is heavily wounded.
The orc wizard points at you and mumbles some strange words.
The magic dart hits you!
You die...

####### #.....#
####..o..#
#........######
#....o####....#...##
#....o@.............
#.....####.##.#...#
#!....#....# .#...#
#.....#.#####.#...#.
#...................
#####.#...........##
#...######..#.....
#.#.# #........
#.#.######..#.#.#...


You could see an orc wizard and an orc.

Vanquished Creatures
  Sigmund (D:2)
  An ooze (D:2)
  A dart slug (D:1)
  2 leopard geckos (D:2)
  2 orcs
  2 giant cockroaches
  10 goblins
  7 hobgoblins
  8 kobolds
  5 bats
  2 frilled lizards (D:1)
  5 rats
46 creatures vanquished.

Notes
Turn   | Place    | Note
-------+----------+-------------------------------------------
     0 | D:1      | JackS81 the Vine Stalker Berserker began the quest for the
                  | Orb.
     0 | D:1      | Reached XP level 1. HP: 13/13 MP: 2/2
   134 | D:1      | Reached skill level 3 in Short Blades
   136 | D:1      | Reached skill level 1 in Stealth
   136 | D:1      | Reached XP level 2. HP: 18/18 MP: 3/3
   337 | D:1      | Reached XP level 3. HP: 22/22 MP: 4/4
   376 | D:1      | Reached ** piety under Trog
   863 | D:2      | Found a white marble altar of Elyvilon.
   863 | D:2      | Noticed Sigmund
   869 | D:2      | Killed Sigmund
   869 | D:2      | Reached skill level 5 in Short Blades
   869 | D:2      | Reached XP level 4. HP: 27/27 MP: 5/5
   869 | D:2      | Reached XP level 5. HP: 31/31 MP: 6/6
  1332 | D:2      | Found a shadowy altar of Dithmenos.
  1734 | D:3      | Killed from afar by an orc wizard

Skill      XL: |  1  2  3  4  5 |
---------------+----------------+-----
Short Blades   | 3 5 |  5.3
Stealth        | 1 2 3 |  3.2
Fighting       | |  2.6
Armour         | |  1.5
Dodging        | |  2.0

Action                   |  1- 3 |  4- 6 || total
-------------------------+-------+-------++-------
Melee: Short sword       |    77 |    25 ||   102
       Bite              |     7 |     3 ||    10
       Dagger            |       |    15 ||    15
Invok: Berserk           |     3 |     1 ||     4
  Use: Scroll            |       |     2 ||     2
 Stab: Sleeping          |     2 |     9 ||    11
  Eat: Chunk             |     2 |     3 ||     5
Armor: Animal skin       |     4 |     5 ||     9
Dodge: Dodged            |    53 |    11 ||    64
